Map: 暮色之塔

Players

shengy - Winner!

  • Race: Zerg Zerg
  • League: Platinum

AtRi

  • Race: Protoss Protoss
  • League: Diamond

VOD

Have the link to the VOD?

Description

Time

  • Played on: Dec. 25, 2015, 7:07 p.m.
  • Length: 9:21
Show
View Real Time Build Order
Export as new Build Order

shengy Zerg - Winner!

Build Orders: Hatch First 

Get SALT Encoding   

  12  0:01  Drone  
  13  0:08  Drone  
  14  0:17  Overlord  
  14  0:35  Drone x3  
  17  0:49  Drone  
  18  0:57  Hatchery  
  18  1:01  Drone  
  18  1:15  Spawning Pool  
  18  1:18  Drone  
  18  1:21  Drone  
  19  1:31  Extractor  
  18  1:36  Drone  
  19  1:52  Drone x2  
  21  2:01  Overlord  
  21  2:07  Extractor, Queen  
  23  2:09  Queen  
  23  2:13  Drone  
  26  2:26  Zergling x4  
  28  2:31  Metabolic Boost  
  28  2:33  Drone x2  
  28  2:34  Drone  
  31  2:56  Overlord x2  
  31  3:04  Drone  
  33  3:05  Drone  
  33  3:08  Zergling x2  
  33  3:09  Zergling x2  
  35  3:20  Zergling x8  
  35  3:22  Zergling x2  
  35  3:26  Zergling x2  
  41  3:33  Zergling x8  
  45  3:42  Zergling x2  
  45  3:43  Baneling Nest  
  45  3:47  Lair  
  45  3:51  Zergling x4  
  45  3:52  Zergling x6  
  50  4:00  Overlord  
  50  4:01  Hatchery  
  49  4:07  Zergling x4  
  49  4:08  Zergling x2  
  42  4:28  Baneling  
  42  4:29  Baneling x3  
  42  4:34  Zergling x14  
  42  4:35  Zergling x4  
  43  5:05  Baneling x4  
  41  5:08  Zergling x12  
  38  5:42  Drone x7  
  43  6:00  Baneling x2  
  37  6:15  Roach Warren  
  35  6:27  Drone x6  
  35  6:28  Queen, Drone  
  44  6:35  Extractor  
  44  6:36  Extractor  
  44  6:37  Drone x4  
  44  6:38  Extractor  
  45  6:41  Zergling x2  
  46  6:48  Hatchery  
  46  6:50  Evolution Chamber  
  46  6:51  Evolution Chamber  
  46  6:54  Spine Crawler, Drone x2  
  45  6:57  Glial Reconstitution  
  44  7:08  Overlord  
  44  7:09  Overlord x2  
  44  7:10  Roach x7  
  44  7:11  Roach  
  44  7:12  Queen  
  62  7:18  Roach x2  
  65  7:33  Zergling x4  
  65  7:34  Zergling x10  
  72  7:40  Drone x3  
  72  7:43  Drone x3  
  78  7:58  Roach  
  78  7:59  Roach x5  
  78  8:01  Overlord  
  90  8:09  Drone x2  
  90  8:11  Drone x2  
  94  8:14  Drone x2  
  94  8:17  Spire  
  95  8:21  Drone x4, Extractor  
  95  8:24  Extractor  
  95  8:25  Baneling  
  95  8:26  Baneling x3  
  97  8:32  Baneling x2  
  97  8:33  Zergling x12  
  97  8:34  Zergling x2  
  98  9:01  Zergling x6  
  98  9:02  Zergling x6  
  103  9:03  Overlord x2  
Show
View Real Time Build Order
Export as new Build Order

AtRi Protoss 

Build Orders: Nexus First, Mass Adepts 

Get SALT Encoding   

  12  0:01  Probe (Chrono Boost)  
  13  0:11  Probe (Chrono Boost)  
  14  0:19  Pylon  
  14  0:22  Probe (Chrono Boost)  
  15  0:37  Probe (Chrono Boost)  
  16  0:47  Probe (Chrono Boost)  
  17  0:58  Probe (Chrono Boost)  
  17  1:02  Nexus  
  18  1:09  Probe (Chrono Boost)  
  19  1:14  Gateway  
  19  1:19  Probe (Chrono Boost)  
  19  1:22  Assimilator  
  20  1:28  Pylon  
  21  1:33  Probe (Chrono Boost)  
  21  1:43  Probe (Chrono Boost)  
  22  1:54  Probe (Chrono Boost)  
  23  2:03  Cybernetics Core  
  23  2:04  Probe (Chrono Boost)  
  23  2:06  Assimilator  
  24  2:09  Gateway  
  24  2:14  Probe (Chrono Boost)  
  24  2:15  Probe (Chrono Boost)  
  26  2:25  Probe (Chrono Boost)  
  26  2:29  Gateway  
  27  2:32  Probe (Chrono Boost)  
  28  2:40  Probe (Chrono Boost)  
  28  2:41  Adept  
  28  2:42  Probe (Chrono Boost)  
  28  2:43  Warp Gate (Chrono Boost)  
  32  2:51  Probe (Chrono Boost)  
  33  2:53  Probe (Chrono Boost)  
  33  2:57  Adept  
  35  3:01  Probe (Chrono Boost)  
  35  3:03  Probe (Chrono Boost)  
  35  3:04  Pylon  
  37  3:09  Adept  
  37  3:12  Probe (Chrono Boost)  
  40  3:14  Probe (Chrono Boost)  
  40  3:17  Adept  
  43  3:22  Probe (Chrono Boost)  
  43  3:26  Probe (Chrono Boost)  
  45  3:28  Adept  
  45  3:32  Pylon  
  45  3:33  Probe (Chrono Boost)  
  48  3:37  Probe (Chrono Boost)  
  48  3:41  Adept  
  51  3:43  Probe (Chrono Boost)  
  51  3:44  Adept  
  51  3:47  Robotics Facility  
  54  3:58  Probe (Chrono Boost)  
  54  4:01  Pylon  
  54  4:02  Mothership Core (Chrono Boost)  
  57  4:08  Probe (Chrono Boost)  
  58  4:11  Pylon  
  52  4:18  Probe (Chrono Boost)  
  34  4:47  Adept x3  
  18  5:02  Probe  
  18  5:03  Probe  
  20  5:09  Adept x3  
  20  5:13  Probe (Chrono Boost)  
  27  5:15  Probe (Chrono Boost)  
  28  5:24  Probe (Chrono Boost)  
  28  5:27  Probe (Chrono Boost)  
  26  5:31  Adept  
  26  5:32  Adept x2  
  26  5:35  Probe (Chrono Boost)  
  26  5:37  Probe (Chrono Boost)  
  27  5:45  Probe (Chrono Boost)  
  27  5:48  Probe (Chrono Boost)  
  25  5:55  Adept x2  
  25  5:56  Probe (Chrono Boost)  
  30  5:58  Probe (Chrono Boost)  
  30  6:10  Probe x2 (Chrono Boost)  
  30  6:20  Probe (Chrono Boost)  
  30  6:27  Probe (Chrono Boost)  
  30  6:31  Probe (Chrono Boost)  
  32  6:38  Probe (Chrono Boost)  
  33  6:41  Probe (Chrono Boost)  
  34  6:48  Probe (Chrono Boost)  
  34  6:52  Probe (Chrono Boost)  
  34  6:53  Adept  
  38  6:56  Adept  
  38  6:59  Probe (Chrono Boost)  
  41  7:02  Probe (Chrono Boost)  
  41  7:03  Adept  
  44  7:09  Probe (Chrono Boost)  
  44  7:13  Probe (Chrono Boost)  
  46  7:20  Probe (Chrono Boost)  
  47  7:23  Probe (Chrono Boost)  
  47  7:24  Adept x2  
  52  7:30  Probe (Chrono Boost)  
  52  7:34  Probe (Chrono Boost)  
  54  7:41  Probe (Chrono Boost)  
  54  7:43  Observer  
  56  7:45  Probe (Chrono Boost)  
  57  7:52  Probe (Chrono Boost)  
  57  7:57  Adept x2  
  57  7:58  Adept  
  64  8:00  Probe (Chrono Boost)  
  64  8:02  Probe (Chrono Boost), Assimilator  
  66  8:06  Assimilator  
  66  8:11  Probe (Chrono Boost)  
  67  8:14  Probe (Chrono Boost)  
  67  8:17  Twilight Council  
  68  8:21  Probe (Chrono Boost)  
  68  8:24  Probe (Chrono Boost)  
  70  8:31  Pylon x2  
  70  8:33  Pylon  
  70  8:47  Probe (Chrono Boost)  
  65  8:49  Stalker x2  
  65  8:58  Stalker  
  65  9:15  Stalker x2  
Tags
 
Add a new tag
Caveats
  • Supply blocks, unpowered buildings, or Contaminate may cause inaccurate times.
  • Supply counts are checked every 10 seconds.